 Dungeon Crawl Stone Soup version 0.13.1-2-gfb2c2b7 (webtiles) character file.

3863 Lilouch the Fighter (level 9, -21/71 HPs)
             Began as a Demonspawn Chaos Knight on Dec 9, 2013.
             Was a Plaything of Xom.
             Demolished by a hill giant zombie (23 damage)
             ... on Level 8 of the Dungeon.
             The game lasted 00:28:47 (4424 turns).

Lilouch the Fighter (Demonspawn Chaos Knight)       Turns: 4424, Time: 00:28:47

HP -21/71        AC  5     Str 15      XL: 9   Next: 89%
MP   9/9         EV 16     Int 16      God: Xom
Gold 186         SH  0     Dex 17      Spells:  0 memorised,  8 levels left

Res.Fire  : . . .   See Invis. : .   a - +0 spear (chaos) {=f}
Res.Cold  : . . .   Warding    : .   L - -2 orc leather armour (curse)
Life Prot.: . . .   Conserve   : .   (no shield)
Res.Poison: .       Res.Corr.  : .   s - +2 helmet
Res.Elec. : .       Clarity    : .   (no cloak)
Sust.Abil.: . .     Spirit.Shd : .   (no gloves)
Res.Mut.  : .       Stasis     : .   (no boots)
Res.Rott. : .       Flight     : .   (no amulet)
Saprovore : . . .                    (no ring)
                                     k - +1 ring of intelligence

@: agile, slightly resistant to hostile enchantments, fairly stealthy
A: claws 1, hooves 2, powered by death 3
a: Renounce Religion


You were on level 8 of the Dungeon.
You worshipped Xom.
You were a toy of Xom.
You were not hungry.

You visited 1 branch of the dungeon, and saw 6 of its levels.

You collected 166 gold pieces.

Inventory:

Hand weapons
 a - a +0,+0 spear of chaos (weapon) {=f}
 d - a +0,+0 spear
 r - a +2,+1 spear of returning (quivered)
Missiles
 m - 13 poisoned needles
Armour
 b - a +2 leather armour
 s - a +2 helmet (worn)
 G - a +0 pair of gauntlets
 L - a cursed -2 orcish leather armour (worn)
Magical devices
 J - a wand of hasting (5) {unknown}
Comestibles
 c - 3 bread rations
 f - 2 meat rations
 q - a chunk of worm flesh
 z - 2 pears
 H - a lychee
Scrolls
 e - a scroll of enchant weapon II {unknown}
 h - 2 scrolls of enchant armour {unknown}
 j - a scroll of fear {unknown}
 l - 2 scrolls of magic mapping {unknown}
 o - a scroll of teleportation
 p - 3 scrolls of recharging {unknown}
 t - a scroll of blinking {unknown}
 w - a scroll of noise {unknown}
 x - 2 scrolls of enchant weapon I {unknown}
 y - 2 scrolls of random uselessness {unknown}
 C - a scroll of remove curse {unknown}
Jewellery
 k - a +1 ring of intelligence (left claw)
Potions
 g - a potion of might {unknown}
 i - a potion of resistance {unknown}
 n - a potion of mutation {unknown}
 u - a potion of cure mutation {unknown}
 v - 3 potions of poison
 A - a potion of brilliance {unknown}
 B - a potion of agility {unknown}
 D - a potion of heal wounds {unknown}
 E - a potion of degeneration {unknown}
 F - a potion of restore abilities {unknown}
Books
 I - a book of Annihilations {highlevel}

   This book is beyond your current level of understanding.

   Spells                             Type                      Level
   Poison Arrow                       Conjuration/Poison           6
   Orb of Destruction                 Conjuration                  7
   Chain Lightning                    Conjuration/Air              8
   Lehudib's Crystal Spear            Conjuration/Earth            8
   Ice Storm                          Conjuration/Ice              9
   Fire Storm                         Conjuration/Fire             9
 K - Qogaegug's Papyrus of Blistering Battle Magic
   (Xom gifted it to you on level 5 of the Dungeon)

   Spells                             Type                      Level
   Flame Tongue                       Conjuration/Fire             1
   Stone Arrow                        Conjuration/Earth            3
   Ignite Poison                      Fire/Transmutation           5
   Bolt of Fire                       Conjuration/Fire             6
Miscellaneous
 M - a plain deck of war


   Skills:
 + Level 10.4 Fighting
 + Level 7.3 Polearms
 + Level 6.8 Armour
 - Level 0.8 Dodging
   Level 9.1 Shields


You had 8 spell levels left.
You didn't know any spells.

Dungeon Overview and Level Annotations

Branches:
Dungeon (8/27)
 Temple: D:4-7          Orc: D:6-11        Lair: D:8-13

Altars:
Ashenzari
Nemelex Xobeh
Trog
Xom
the Shining One

Shops:
D:4 *


Innate Abilities, Weirdness & Mutations

You have sharp fingernails.
You have hoof-like feet.
You can steal the life force of all defeated enemies in sight.


Message History

* * * LOW HITPOINT WARNING * * *
Drink which item? (? for menu, Esc to quit)
Okay, then.
Read which item? (? for menu, Esc to quit)
As you read the scroll of teleportation, it crumbles to dust.
You feel strangely unstable. The ice beast hits you.
* * * LOW HITPOINT WARNING * * *
The ice beast freezes you!
* * * LOW HITPOINT WARNING * * *
Your surroundings suddenly seem different.
Xom thinks this is hilarious!
A crimson imp comes into view.
The crimson imp shouts!
The hill giant zombie completely misses you.
A hill giant zombie comes into view.
A jelly comes into view.
The crimson imp hits you but does no damage.
The hill giant zombie hits you!
You die...
Xom guffaws!

###############
J........Z....##
###########@5.....#
#......# #.......#
#......# #.......#
#......# #.......#
#......# #.......#
#......# ####.### #......#
..
.#......#################
#................>........


You could see a jelly (sleeping), a crimson imp and a hill giant zombie.

Vanquished Creatures
  The ghost of BoredOne the Skirmisher, an experienced NaFi (D:5)
  An ogre (D:4)
  A giant frog (D:5)
  A centaur skeleton (D:4)
  A hound (D:4)
  A scorpion (shapeshifter) (D:2)
  3 orc priests
  6 orc wizards
  10 adders
  A giant mite (shapeshifter) (D:3)
  A worm (D:5)
  2 giant mites
  4 giant geckos
  21 orcs
  3 giant cockroaches
  15 gnolls
  11 goblins
  4 hobgoblins
  2 jackals (D:4)
  A ball python (D:4)
  17 bats
  5 giant newts
  A goblin skeleton (D:4)
  A hobgoblin skeleton (D:5)
  11 kobolds
  An orc skeleton (D:4)
  A quokka (D:4)
  10 rats
137 creatures vanquished.

Vanquished Creatures (collateral kills)
  An ogre (D:4)
  An orc wizard (D:5)
  A gnoll (D:2)
  2 orcs (D:4)
  A goblin (D:4)
  An orc skeleton (D:4)
7 creatures vanquished.

Vanquished Creatures (others)
  An orc zombie (D:5)
1 creature vanquished.

Grand Total: 145 creatures vanquished

Notes
Turn   | Place    | Note
--------------------------------------------------------------
     0 | D:1      | Lilouch, the Demonspawn Chaos Knight, began the quest for the Orb.
     0 | D:1      | Reached XP level 1. HP: 16/16 MP: 1/1
    82 | D:1      | Gained mutation: You can steal the life force of nearby defeated enemies. [demonic ancestry]
    82 | D:1      | Reached XP level 2. HP: 6/22 MP: 2/2
   295 | D:1      | XOM: harmless Pois miscast
   372 | D:1      | Gained mutation: You can steal the life force of defeated enemies. [demonic ancestry]
   372 | D:1      | Reached XP level 3. HP: 28/28 MP: 3/3
   395 | D:1      | XOM: silly message
   650 | D:2      | XOM: scenery: create altars
   720 | D:2      | Reached XP level 4. HP: 23/34 MP: 4/4
   768 | D:2      | Reached skill level 4 in Fighting
   777 | D:2      | XOM: potion effect (berserk)
   875 | D:2      | Gained mutation: You have sharp fingernails. [demonic ancestry]
   875 | D:2      | Reached XP level 5. HP: 40/40 MP: 5/5
   885 | D:2      | XOM: silly message
   891 | D:2      | XOM: confuse monster(s)
  1059 | D:2      | Found a bloodstained altar of Trog.
  1153 | D:2      | XOM: harmless Trmt miscast
  1181 | D:2      | XOM: divination: magic mapping
  1322 | D:2      | XOM: colour smoke trail
  1505 | D:2      | XOM: silly message
  1811 | D:3      | XOM: colour smoke trail
  1943 | D:3      | Found a glowing golden altar of the Shining One.
  2226 | D:3      | Found a shattered altar of Ashenzari.
  2304 | D:3      | XOM: blink monster(s)
  2335 | D:3      | Gained mutation: You can steal the life force of all defeated enemies in sight. [demonic ancestry]
  2335 | D:3      | Reached XP level 6. HP: 9/47 MP: 6/6
  2715 | D:4      | You fall through a shaft!
  2715 | D:5      | Entered Level 5 of the Dungeon
  2724 | D:5      | Noticed BoredOne's ghost (experienced NaFi)
  2725 | D:5      | XOM: polymorph goblin -> adder
  2784 | D:4      | XOM: divination: detect creatures
  2861 | D:4      | Reached skill level 5 in Fighting
  2974 | D:4      | XOM: summons friendly iron imp
  3044 | D:4      | XOM: noise
  3059 | D:4      | XOM: confuse monster(s)
  3062 | D:4      | Reached XP level 7. HP: 49/53 MP: 7/7
  3067 | D:4      | Reached skill level 5 in Polearms
  3293 | D:4      | Found Siur's Assorted Antiques.
  3352 | D:4      | XOM: enchant monster (bad)
  3609 | D:5      | XOM: potion effect (berserk)
  3823 | D:5      | Reached skill level 6 in Fighting
  3906 | D:5      | XOM: divination: magic mapping
  3929 | D:5      | XOM: god gift: graven book {god gift}
  3932 | D:5      | XOM: potion effect (curing)
  3956 | D:5      | XOM: potion effect (curing)
  3965 | D:5      | Identified Qogaegug's Papyrus of Blistering Battle Magic (Xom gifted it to you on level 5 of the Dungeon)
  3977 | D:5      | XOM: potion effect (experience)
  3977 | D:5      | Reached skill level 10 in Fighting
  3977 | D:5      | Gained mutation: You have large cloven feet. [demonic ancestry]
  3977 | D:5      | Reached XP level 8. HP: 38/65 MP: 8/8
  4003 | D:5      | Killed BoredOne's ghost
  4018 | D:5      | Paralysed by a potion of paralysis for 2 turns
  4238 | D:5      | XOM: harmless Pois miscast
  4255 | D:5      | XOM: harmless Ice miscast
  4285 | D:5      | XOM: harmless Divn miscast
  4320 | D:5      | You fall through a shaft!
  4376 | D:8      | Found a sparkling altar of Nemelex Xobeh.
  4391 | D:8      | XOM: potion effect (agility)
  4415 | D:8      | XOM: potion effect (experience)
  4415 | D:8      | Gained mutation: You have hoof-like feet. [demonic ancestry]
  4415 | D:8      | Reached XP level 9. HP: 28/71 MP: 9/9
  4420 | D:8      | HP: 1/71 [ice beast (12)]
  4424 | D:8      | Demolished by a hill giant zombie

Action                   |  1- 3 |  4- 6 |  7- 9 || total
-------------------------+-------+-------+-------++-------
Melee: Spear             |    92 |   316 |   179 ||   587
Throw: Dart              |     1 |     1 |       ||     2
       Spear             |       |     1 |       ||     1
  Use: Scroll            |       |       |     5 ||     5
       Potion            |       |       |     1 ||     1
 Stab: Paralysed         |     2 |     6 |     3 ||    11
       Petrifying        |     1 |       |       ||     1
       Distracted        |       |     1 |     2 ||     3
       Confused          |       |     3 |     1 ||     4
